 Dungeon Crawl Stone Soup version 0.24-a0-500-g46574c2197 (webtiles) character file.

Game seed: 7345859269730561843

1200 forest the Covert (level 8, -5/40 HPs)
             Began as a Spriggan Assassin on July 12, 2019.
             Was a Follower of Dithmenos.
             Killed from afar by Pikel (15 damage)
             ... with an iceblast
             ... on level 6 of the Dungeon on July 15, 2019.
             The game lasted 00:20:29 (8604 turns).

forest the Covert (Spriggan Assassin)               Turns: 8604, Time: 00:20:29

Health: -5/40      AC:  5    Str:  8    XL:     8   Next: 21%
Magic:  9/9        EV: 20    Int: 13    God:    Dithmenos [*.....]
Gold:   69         SH:  7    Dex: 18    Spells: 7/7 levels left

rFire    + . .     SeeInvis +   a - +2 dagger
rCold    + . .     Gourm    .   h - +1 buckler
rNeg     . . .     Faith    .   m - +2 robe {rC+ rF+}
rPois    +         Spirit   .   (helmet restricted)
rElec    .         Reflect  .   q - +0 cloak {rPois}
rCorr    .         Harm     .   (gloves unavailable)
MR       +....                  (boots unavailable)
Stlth    +++++.....             (no amulet)
HPRegen  0.13/turn              (no ring)
MPRegen  0.11/turn              (no ring)

@: wreathed by umbra, very quick
A: very small, unfitting armour, see invisible, herbivore, speed 3, slow
metabolism 2
a: Renounce Religion


You were on level 6 of the Dungeon.
You worshipped Dithmenos.
Dithmenos was aware of your devotion.
You were not hungry.

You visited 2 branches of the dungeon, and saw 7 of its levels.

You collected 278 gold pieces.
You spent 209 gold pieces at shops.

Inventory:

Hand Weapons
 a - a +2 dagger (weapon)
 p - a +0 hunting sling
Missiles
 d - 23 poisoned darts (quivered)
 e - 2 curare-tipped darts
 l - 185 stones
 v - 2 boomerangs
Armour
 h - a +1 buckler (worn)
 m - a +2 robe of resistance (worn)
 q - a +0 cloak of poison resistance (worn)
Wands
 k - a wand of polymorph (8)
Scrolls
 b - 4 scrolls of identify
 c - a scroll of remove curse
 i - 2 scrolls of enchant weapon
 j - 2 scrolls of enchant armour
 o - a scroll of teleportation
 r - a scroll of magic mapping
 t - a scroll of fog
 w - a scroll of fear {unknown}
Potions
 g - a potion of resistance
 n - 2 potions of brilliance
 s - a potion of might
 u - a potion of curing
 x - a potion of invisibility {unknown}
Comestibles
 f - 4 rations


   Skills:
 + Level 3.2 Fighting
 + Level 5.1 Short Blades
 + Level 4.2(5.5) Slings
 + Level 4.4(5.0) Throwing
 + Level 5.1 Dodging
 + Level 8.4 Stealth
 + Level 1.8 Shields


You had 7 spell levels left.
You didn't know any spells.
Your spell library contained the following spells:

 Spells                   Type           Power        Failure   Level  Hunger
 Freeze                   Ice            #...         41%         1    ##.....
 Throw Frost              Conj/Ice       #.....       56%         2    ###....
 Ozocubu's Armour         Chrm/Ice       #.......     80%         3    ####...
 Summon Ice Beast         Ice/Summ       #.......     99%         4    #####..
 Throw Icicle             Conj/Ice       #.......     99%         4    #####..


Dungeon Overview and Level Annotations

Branches:
Dungeon (6/15)             Temple (1/1) D:5

Altars:
Ashenzari
Cheibriados
Dithmenos
Elyvilon
Fedhas
Gozag
Hepliaklqana
Kikubaaqudgha
Makhleb
Nemelex Xobeh
Okawaru
Qazlal
Ru
Sif Muna
Trog
Uskayaw
Vehumet
Wu Jian
Xom
Yredelemnul
Zin
The Shining One

Shops:
D:4 [   D:5 ?

Annotations:
D:6 Pikel


Innate Abilities, Weirdness & Mutations

You are very small and have problems with some larger weapons.
You are too small for most types of armour.
You have supernaturally acute eyesight. (SInv)
You are a herbivore.
You cover ground extremely quickly.
You need to consume almost no food.


Message History

There is an open door here.
You close the door.
You block the slave's attack. You block Pikel's attack.
Throwing (i - inventory. (/) - cycle)
d - 24 poisoned darts (quivered)
Press: ? - help, Shift-Dir - straight line, f/p - Pikel
Aim: Pikel, wielding a +1 whip of freezing, wearing a +0 robe and carrying a wand of iceblast (5) (lightly wounded, umbra)
You throw a poisoned dart. The poisoned dart hits Pikel!
Pikel is poisoned.
Pikel is lightly wounded.
Pikel zaps a wand.
The mass of ice explodes!
The iceblast engulfs you! You partially resist.
* * * LOW HITPOINT WARNING * * *
There is an open door here.
You close the door.
A slave opens the door.
A slave comes into view.
The slave shouts!
Pikel zaps a wand.
The mass of ice explodes!
The iceblast engulfs you! You partially resist.
You die...

############
#.........)#
#..........#
#####..........#
#...p....@.....#
#.###..p.......##
#('...........#
#.#...........#
#.'...........##########
###...K..p....##.......#
##'#p#'#'##)########.#
##...... #.#.#.#.##รท#
#.# >.......
####.#.#.#.##.# #.#


You could see Pikel and 4 slaves.

Vanquished Creatures
  Menkaure (D:4)
  An ice beast (D:6)
  A sky beast (D:6)
  A phantom (D:4)
  Blork the orc (D:4)
  A bullfrog (D:4)
  2 scorpions (D:6)
  A centaur skeleton (D:6)
  A gnoll shaman (D:6)
  2 orc priests (D:3)
  2 hounds (D:5)
  An iguana (D:6)
  4 orc wizards
  2 worker ants
  A gnoll (D:6)
  11 adders
  3 worms
  A dart slug (D:3)
  A leopard gecko (D:2)
  20 orcs
  A ball python (D:2)
  4 giant cockroaches
  7 goblins
  8 hobgoblins
  4 jackals
  4 kobolds
  4 quokkas
  9 bats
  6 frilled lizards
  A jackal zombie (D:5)
  A leopard gecko zombie (D:5)
  9 rats
116 creatures vanquished.

Notes
Turn   | Place    | Note
-------+----------+-------------------------------------------
     0 | D:1      | forest the Spriggan Assassin began the quest for the Orb.
     0 | D:1      | Reached XP level 1. HP: 10/10 MP: 2/2
    38 | D:1      | Reached skill level 6 in Stealth
   374 | D:1      | Reached XP level 2. HP: 14/14 MP: 3/3
   626 | D:1      | Upgraded the game from 0.24-a0-493-g7e4ddcd485 to
                  | 0.24-a0-500-g46574c2197
  1090 | D:2      | Reached XP level 3. HP: 9/18 MP: 4/4
  1319 | D:2      | Reached skill level 7 in Stealth
  1384 | D:2      | Found a stormy altar of Qazlal.
  2178 | D:2      | Reached XP level 4. HP: 23/23 MP: 5/5
  3530 | D:3      | Reached skill level 1 in Slings
  3530 | D:3      | Reached XP level 5. HP: 26/26 MP: 6/6
  3895 | D:3      | HP: 1/26 [orc priest/divine providence (15)]
  4493 | D:4      | Noticed Blork the orc
  5187 | D:4      | Found Qoec's Antique Armour Shoppe.
  5187 | D:4      | Noticed a phantom
  5190 | D:4      | Killed a phantom
  5190 | D:4      | Reached XP level 6. HP: 32/32 MP: 7/7
  5360 | D:4      | Bought an embroidered cloak for 187 gold pieces
  5499 | D:4      | Killed Blork the orc
  5687 | D:4      | Noticed Menkaure
  5694 | D:4      | Killed Menkaure
  5694 | D:4      | Reached XP level 7. HP: 35/35 MP: 8/8
  6055 | D:5      | Entered Level 5 of the Dungeon
  6200 | D:5      | Found Jeonaam's Magic Scroll Shop.
  6216 | D:5      | Bought a scroll of identify for 22 gold pieces
  6318 | D:5      | Found a staircase to the Ecumenical Temple.
  6801 | Temple   | Entered the Ecumenical Temple
  6866 | Temple   | Became a worshipper of Dithmenos the Shadowed
  6969 | D:5      | Found a burning altar of Makhleb.
  6972 | D:5      | Reached skill level 8 in Stealth
  7018 | D:5      | Reached skill level 1 in Shields
  8035 | D:6      | Reached XP level 8. HP: 40/40 MP: 9/9
  8144 | D:6      | Reached * piety under Dithmenos
  8195 | D:6      | Reached skill level 5 in Dodging
  8370 | D:6      | Reached skill level 5 in Short Blades
  8483 | D:6      | Noticed Pikel
  8604 | D:6      | Killed from afar by Pikel

Levels and vault maps discovered:
D:1:      psy_arrival_fountain, layout_rooms,
          hangedman_abyss_or_decor_lesser_grid
D:2:      layout_basic, marbit_many_paths, minmay_hexomino_f4
D:3:      layout_loops_ring, first_ration
D:4:      layout_cave_pods, serial_shops, nicolae_shop_statue_plus,
          serial_park_tiny_2, hangedman_decor_clover_reticule, uniq_menkaure,
          uniq_blork_the_orc
D:5:      layout_loops_cross, minmay_temple_entry_glass, serial_shops, shop,
          makhleb_heckhound_becter
D:6:      layout_basic, uniq_pikel
Temple:   compressed_dpeg_circular_temple

Skill      XL: |  1  2  3  4  5  6  7  8 |
---------------+-------------------------+-----
Stealth        | 6 7 8 |  8.4
Dodging        | 2 3 4 5 |  5.1
Fighting       | 2 3 |  3.2
Slings         | 1 3 4 |  4.2
Short Blades   | 3 4 5 |  5.1
Throwing       | 3 4 |  4.4
Shields        | 1 |  1.8

Action                   |  1- 3 |  4- 6 |  7- 9 || total
-------------------------+-------+-------+-------++-------
Melee: Dagger            |   141 |    75 |   236 ||   452
 Fire: Hunting sling     |       |   135 |       ||   135
Throw: Dart              |    32 |    26 |    50 ||   108
  Use: Scroll            |       |    10 |     2 ||    12
       Potion            |       |     2 |       ||     2
 Stab: Sleeping          |    13 |     5 |     7 ||    25
  Eat: Ration            |       |     1 |     2 ||     3
Armor: Robe              |    18 |    17 |    14 ||    49
Dodge: Dodged            |   104 |    87 |   158 ||   349
Block: Buckler           |    17 |    29 |    67 ||   113

Table legend:
 A = Non-vault XP
 B = Vault XP
 C = Vault XP percentage of total XP
 D = Non-vault monster count
 E = Vault monster count
 F = Vault count percentage of total count
                 A         B        C        D         E       F
            +---------+---------+-------+---------+---------+-------
      Total |    1389 |     326 |  19.0 |     109 |       7 |   6.0
            +---------+---------+-------+---------+---------+-------
        D:1 |      36 |       0 |   0.0 |      21 |       0 |   0.0
        D:2 |      84 |       9 |   9.7 |      22 |       4 |  15.4
        D:3 |     210 |       0 |   0.0 |      21 |       0 |   0.0
        D:4 |     273 |     277 |  50.4 |      10 |       2 |  16.7
        D:5 |     223 |      40 |  15.2 |      22 |       1 |   4.3
        D:6 |     563 |       0 |   0.0 |      13 |       0 |   0.0
            +---------+---------+-------+---------+---------+-------
